 Dungeon Crawl Stone Soup version 0.23-a0-368-g82e9058 (webtiles) character file.

4 Cryolive the Digger (level 1, 6/10 HPs)
             Began as a Gargoyle Earth Elementalist on Oct 24, 2018.
             Quit the game on level 1 of the Dungeon.
             The game lasted 00:00:50 (163 turns).

Cryolive the Digger (Gargoyle Earth Elementalist)    Turns: 163, Time: 00:00:51

Health: 6/10       AC:  4    Str: 11    XL:     1   Next: 60%
Magic:  2/3        EV: 12    Int: 15    God:
Gold:   0          SH:  0    Dex: 10    Spells: 3/4 levels left

rFire    . . .     SeeInvis .   g - -1 dagger (curse)
rCold    . . .     Gourm    .   (no shield)
rNeg     + . .     Faith    .   c - +0 robe
rPois    ∞         Spirit   .   (no helmet)
rElec    +         Reflect  .   a - scarf {repulsion}
rCorr    .         Harm     .   (no gloves)
MR       .....                  (no boots)
Stlth    ++........             (no amulet)
HPRegen  0.03/turn              (no ring)
MPRegen  0.08/turn              (no ring)

@: repel missiles
A: negative energy resistance 1, electricity resistance, unbreathing,
petrification resistance, rot immunity, AC +2
a: no special abilities


You were on level 1 of the Dungeon.
You were not hungry.

You visited 1 branch of the dungeon, and saw 1 of its levels.

Inventory:

Hand Weapons
 g - a cursed -1 dagger (weapon)
Missiles
 b - 26 stones (quivered)
Armour
 a - a scarf of repulsion (worn)
 c - a +0 robe (worn)
Scrolls
 e - a scroll of fog {unknown}
 f - a scroll of magic mapping {unknown}
Comestibles
 d - 2 rations


   Skills:
 - Level 1.5 Dodging
 - Level 2.1 Stealth
 + Level 2.1 Spellcasting
   Level 0.7 Transmutations
 + Level 3.8 Earth Magic


You had 3 spell levels left.
You knew the following spells:

 Your Spells              Type           Power        Failure   Level  Hunger
a - Sandblast             Erth           ##....       4%          1    #......

Your spell library contained the following spells:

 Spells                   Type           Power        Failure   Level  Hunger
 Passwall                 Tmut/Erth      #.......     13%         2    ###....
 Stone Arrow              Conj/Erth      #.....       30%         3    ###....
 Petrify                  Tmut/Erth      #.......     65%         4    #####..
 Lee's Rapid Deconstruct  Erth           ##........   77%         5    ######.


Dungeon Overview and Level Annotations

Branches:
Dungeon (1/15)

Altars:


Innate Abilities, Weirdness & Mutations

You are resistant to torment.
Your stone body is resilient. (AC +2)
You are immune to poison.
You resist negative energy. (rN+)
You are resistant to electric shocks. (rElec)
You can survive without breathing.
You are immune to petrification.
You are immune to rotting.


Message History

f - a scroll labeled RUAFAT FALI Ye op'n tha door.
Thar be an op'n door 'ere.
Found a glowin' dagger.
A rat an' a goblin come inta view.
Tha goblin shouts!
Tha rat moves outta view.
Castin': Sandblast (safe; 4% risk o' failure) Confirm wit' . or Enter, or press ? or * ta list all spells.
Aimin': Sandblast (safe; 4% risk o' failure)
Press: ? - help, Shift-Dir - straight line, f - goblin
Aim: a goblin, wieldin' a +0 dagger Tha blast o' sand hits tha goblin.
Ye kill tha goblin!
b - 26 stones Ye see 'ere a glowin' dagger.
g - a glowin' dagger It sticks ta yer hand!
g - a cursed -1 dagger (weapon)
Be ye sure ye want ta abandon 'tis character an' quit tha game? (Confirm wit'

####### #.....# ..........
#.....# ......... #.....#
......# ........ #...@.#
#......# ....... #.....#
#......# .....
#.....######......# ...
#..........#......# ###(#
#..........#......#
.!..#########..........#......#
..........)............'......+
..################.....#......#
. .. #.....#......#


There were no monsters in sight!

Vanquished Creatures
  A giant cockroach (D:1)
  A goblin (D:1)
  A hobgoblin (D:1)
3 creatures vanquished.

Notes
Turn   | Place    | Note
-------+----------+-------------------------------------------
     0 | D:1      | Cryolive the Gargoyle Earth Elementalist began the quest
                  | for the Orb.
     0 | D:1      | Reached XP level 1. HP: 10/10 MP: 3/3
   163 | D:1      | Quit the game

Vault maps used:
D:1:      saegor_arrival_simple_c

Action                   || total
-------------------------++-------
Melee: Unarmed           ||    10
 Cast: Sandblast         ||     4
Armor: Robe              ||     3
Dodge: Dodged            ||     4

Table legend:
 A = Non-vault XP
 B = Vault XP
 C = Vault XP percentage of total XP
 D = Non-vault monster count
 E = Vault monster count
 F = Vault count percentage of total count
                 A         B        C        D         E       F
            +---------+---------+-------+---------+---------+-------
      Total |       6 |       0 |   0.0 |       3 |       0 |   0.0
            +---------+---------+-------+---------+---------+-------
        D:1 |       6 |       0 |   0.0 |       3 |       0 |   0.0
            +---------+---------+-------+---------+---------+-------
